 Dungeon Crawl Stone Soup version 0.21.1-1-g345015fe64 (webtiles) character file.

138 Bapho the Changer (level 5, -5/40 HPs)
             Began as a Draconian Transmuter on June 13, 2018.
             Slain by Kohma's ghost (9 damage)
             ... on level 3 of the Dungeon.
             The game lasted 00:07:43 (3180 turns).

Bapho the Changer (Draconian Transmuter)            Turns: 3180, Time: 00:07:44

Health: -5/40      AC:  6    Str: 12    XL:     5   Next: 1%
Magic:  5/9        EV: 12    Int: 14    God:
Gold:   147        SH:  0    Dex: 12    Spells: 7/10 levels left

rFire    . . .     SeeInvis .     - Unarmed
rCold    . . .     Gourm    .   (no shield)
rNeg     . . .     Faith    .   (armour unavailable)
rPois    .         Spirit   .   (helmet restricted)
rElec    .         Reflect  .   (no cloak)
rCorr    .         Harm     .   d - +0 pair of gloves
MR       .....                  (boots currently unavailable)
Stlth    +.........             (no amulet)
HPRegen  0.13/turn              (no ring)
MPRegen  0.11/turn              (no ring)

@: appendage
A: unfitting armour, talons 3, cold-blooded, AC +5
a: End Transformation


You were on level 3 of the Dungeon.
You were hungry.
You had grown temporary talons.
You visited 1 branch of the dungeon, and saw 3 of its levels.

You collected 147 gold pieces.

Inventory:

Missiles
 a - 9 arrows
 e - 28 stones (quivered)
 s - 4 tomahawks
Armour
 d - a +0 pair of gloves (worn)
Jewellery
 g - an uncursed ring of magical power {unknown}
 i - an uncursed amulet of rage {unknown}
Wands
 k - a wand of scattershot (4)
Scrolls
 j - a scroll of random uselessness {unknown}
 m - a scroll of teleportation {unknown}
 o - a scroll of remove curse {unknown}
 p - a scroll of enchant weapon {unknown}
 r - a scroll of blinking {unknown}
 u - a scroll of magic mapping {unknown}
Potions
 f - a potion of haste {unknown}
 h - a potion of degeneration {unknown}
 l - 3 potions of agility {unknown}
 n - a potion of might {unknown}
 q - a potion of curing {unknown}
Books
 b - a book of Changes

   Spells                             Type                      Level
   a - Beastly Appendage              Transmutation                1
   b - Sticks to Snakes               Transmutation                2
   c - Spider Form                    Transmutation/Poison         3
   d - Ice Form                       Ice/Transmutation            4
   e - Blade Hands                    Transmutation                5
Comestibles
 c - 11 rations
 t - 8 chunks of flesh


   Skills:
 - Level 1.1 Fighting
 - Level 1.7 Dodging
 - Level 3.0 Unarmed Combat
 + Level 3.1 Spellcasting
 * Level 4.4 Transmutations


You had 7 spell levels left.
You knew the following spells:

 Your Spells              Type           Power        Failure   Level  Hunger
a - Beastly Appendage     Tmut           ##....       3%          1    #......
b - Sticks to Snakes      Tmut           ##......     4%          2    ##.....


Dungeon Overview and Level Annotations

Branches:
Dungeon (3/15)

Altars:
Fedhas
Gozag
Kikubaaqudgha
Sif Muna
Wu Jian
Zin

Annotations:
D:3 Kohma's ghost, amateur TrBe


Innate Abilities, Weirdness & Mutations

Your plain brown scales are hard. (AC +5)
You cannot fit into any form of body armour.
You are cold-blooded and may be slowed by cold attacks.
You have claws for feet.


Message History

Casting: Sticks to Snakes
Confirm with . or Enter, or press ? or * to list all spells.
Your feet morph into talons.
Your ball python misses Kohma's ghost.
Your ball python bites Kohma's ghost but does no damage.
Kohma's ghost hits you!!
Ouch! That really hurt!
* * * LOW HITPOINT WARNING * * *
Your ball python barely misses Kohma's ghost.
Your ball python bites Kohma's ghost but does no damage.
Your ball python closely misses Kohma's ghost.
Your ball python closely misses Kohma's ghost.
Your ball python bites Kohma's ghost but does no damage.
Kohma's ghost wails.
Your ball python barely misses Kohma's ghost.
Your ball python bites Kohma's ghost but does no damage.
Okay, then.
Your ball python closely misses Kohma's ghost.
Your ball python barely misses Kohma's ghost.
Your ball python bites Kohma's ghost.
Kohma's ghost hits you!
You die...

#..................
#..................
#..................
#..................
#.........)........
#..................
#...S..............
#..WSS.............
#.@................
#..................
#..................
#..................
#..................
##..................
#...................
#....##.#######..##.
#....##'##### #..##.


You could see Kohma's ghost and 3 friendly ball pythons.

Vanquished Creatures
  2 orc priests (D:3)
  3 adders
  2 worms
  A leopard gecko (D:3)
  9 orcs (D:3)
  A giant cockroach (D:2)
  A goblin (D:3)
  5 hobgoblins
  3 kobolds
  7 bats
  2 frilled lizards
  7 rats
43 creatures vanquished.

Notes
Turn   | Place    | Note
-------+----------+-------------------------------------------
     0 | D:1      | Bapho the Draconian Transmuter began the quest for the Orb.
     0 | D:1      | Reached XP level 1. HP: 16/16 MP: 3/3
   450 | D:1      | Reached XP level 2. HP: 23/23 MP: 3/5
   603 | D:1      | Learned a level 2 spell: Sticks to Snakes
   860 | D:2      | Found a blossoming altar of Fedhas.
   922 | D:2      | Found a glowing silver altar of Zin.
  1203 | D:2      | Found an ornate altar of the Wu Jian Council.
  1263 | D:2      | Found an ancient bone altar of Kikubaaqudgha.
  1433 | D:2      | Reached skill level 3 in Transmutations
  1492 | D:2      | Reached XP level 3. HP: 28/28 MP: 6/6
  1624 | D:2      | Found an opulent altar of Gozag.
  1966 | D:3      | Reached XP level 4. HP: 33/35 MP: 6/8
  2777 | D:3      | Reached skill level 4 in Transmutations
  3004 | D:3      | Found a deep blue altar of Sif Muna.
  3050 | D:3      | Reached XP level 5. HP: 29/40 MP: 7/9
  3137 | D:3      | Noticed Kohma's ghost (amateur TrBe)
  3167 | D:3      | HP: 2/40 [Kohma's ghost (20)]
  3180 | D:3      | Slain by Kohma's ghost

Skill      XL: |  1  2  3  4 |
---------------+-------------+-----
Transmutations | 3 4 |  4.4
Spellcasting   | 3 |  3.1
Fighting       | |  1.1
Dodging        | |  1.7
Unarmed Combat | |  3.0

Action                   |  1- 3 |  4- 6 || total
-------------------------+-------+-------++-------
Melee: Unarmed           |    93 |    68 ||   161
       Punch             |     2 |     1 ||     3
       Tailslap          |    10 |     8 ||    18
       Headbutt          |     7 |       ||     7
       Kick              |       |    11 ||    11
Throw: Stone             |    50 |    41 ||    91
 Cast: Beastly Appendage |    10 |    12 ||    22
       Sticks to Snakes  |       |     3 ||     3
  Eat: Chunk             |     2 |     5 ||     7
Armor: Skin              |    18 |    15 ||    33
Dodge: Dodged            |    55 |    55 ||   110
